 Dungeon Crawl Stone Soup version 0.23.2-30-g0e89c35649 (webtiles) character file.

Game seed: 7183613381318998725

76 HEYYEYAAE the Poker (level 3, -9/29 HPs)
             Began as a Demigod Gladiator on June 18, 2019.
             Killed by divine providence
             ... invoked by an orc priest
              (14 damage)
             ... on level 3 of the Dungeon.
             The game lasted 00:01:10 (1303 turns).

HEYYEYAAE the Poker (Demigod Gladiator)             Turns: 1303, Time: 00:01:10

Health: -9/29      AC:  8    Str: 19    XL:     3   Next: 89%
Magic:  5/5        EV: 11    Int: 12    God:
Gold:   156        SH:  0    Dex: 17    Spells: 2/2 levels left

rFire    . . .     SeeInvis .   a - +0 trident
rCold    . . .     Gourm    .   (no shield)
rNeg     . . .     Faith    .   g - +0 scale mail
rPois    .         Spirit   .   c - +0 helmet
rElec    .         Reflect  .   m - +0 cloak
rCorr    .         Harm     .   (no gloves)
MR       .....                  (no boots)
Stlth    ..........             (no amulet)
HPRegen  0.09/turn              (no ring)
MPRegen  0.09/turn              (no ring)

@: no status effects
A: high mp 1
a: no special abilities


You were on level 3 of the Dungeon.
You were not hungry.

You visited 1 branch of the dungeon, and saw 3 of its levels.

You collected 156 gold pieces.

Inventory:

Hand Weapons
 a - a +0 trident (weapon)
Missiles
 d - 2 throwing nets (quivered)
Armour
 c - a +0 helmet (worn)
 g - a +0 scale mail (worn)
 m - a +0 cloak (worn)
Jewellery
 k - an uncursed amulet of the gourmand {unknown}
Scrolls
 e - 8 scrolls of identify {unknown}
 i - a scroll of noise {unknown}
 j - 2 scrolls of blinking {unknown}
Potions
 b - a potion of lignification {unknown}
 h - 2 potions of resistance {unknown}
 l - 2 potions of heal wounds {unknown}
 n - a potion of mutation {unknown}
Comestibles
 f - 4 rations


   Skills:
 - Level 1.7 Fighting
 + Level 4.5 Polearms
 - Level 1.7 Throwing
 - Level 2.6 Dodging


You had 2 spell levels left.
You didn't know any spells.
Your spell library was empty.

Dungeon Overview and Level Annotations

Branches:
Dungeon (2/15)


Innate Abilities, Weirdness & Mutations

You have an increased reservoir of magic. (+10% MP)


Message History

* * * LOW HITPOINT WARNING * * *
The orc priest struggles against the net.
An orc priest comes into view.
The orc priest struggles against the net.
Attack whom?
Press: ? - help, Dir - move target cursor, f/p - orc priest
Aim: an orc priest, wielding a +0 trident and wearing a +0 leather armour (entangled in a net)
You hit the orc priest.
The orc priest is lightly wounded.
The orc priest struggles against the net.
Attack whom?
Press: ? - help, Dir - move target cursor, f/p - orc priest
Aim: an orc priest, wielding a +0 trident and wearing a +0 leather armour (lightly wounded, entangled in a net)
You completely miss the orc priest.
The orc priest is lightly wounded.
The orc priest calls upon Beogh to heal the orc priest.
The orc priest's wounds heal themselves!
The orc priest calls down the wrath of Beogh upon you.
Beogh smites you!
You die... ########## #......... #........# #### #.....)..+ oo#

#.......)# #o#
#........# #@#
#........+
#.#######........#
####'#.....+.........
#......#####........#
#......# #.........
#......# #.........
####'#.#########.....
#.#.........'.....
#.###########.....


You could see 2 orc priests and an orc.

Vanquished Creatures
  An adder (D:3)
  4 dart slugs
  2 worms (D:3)
  A leopard gecko (D:1)
  5 bats (D:1)
  2 giant cockroaches
  8 goblins
  6 hobgoblins
  3 jackals (D:1)
  A ball python (D:1)
  7 frilled lizards (D:1)
  9 kobolds
  A rat (D:1)
50 creatures vanquished.

Notes
Turn   | Place    | Note
-------+----------+-------------------------------------------
     0 | D:1      | HEYYEYAAE the Demigod Gladiator began the quest for the
                  | Orb.
     0 | D:1      | Reached XP level 1. HP: 17/17 MP: 3/3
    33 | D:1      | Reached skill level 3 in Polearms
    74 | D:1      | Reached XP level 2. HP: 23/24 MP: 4/4
   290 | D:1      | Reached XP level 3. HP: 29/29 MP: 5/5
   503 | D:1      | Reached skill level 4 in Polearms
   690 | D:2      | Found a shattered altar of Ashenzari.
   690 | D:2      | You fall through a shaft!
  1303 | D:3      | Killed from afar by an orc priest

Skill      XL: |  1  2  3 |
---------------+----------+-----
Polearms       | 3 4 |  4.5
Fighting       | |  1.7
Throwing       | |  1.7
Dodging        | |  2.6

Action                   || total
-------------------------++-------
Melee: Trident           ||   125
Throw: Throwing net      ||     1
  Eat: Chunk             ||     1
Armor: Leather armour    ||    15
       Scale mail        ||    32
Dodge: Dodged            ||    63
